Map: Orbital Shipyard

Players

llllllllllll

  • Race: Protoss Protoss
  • League: Master

State - Winner!

  • Race: Protoss Protoss
  • League: Grandmaster

VOD

Have the link to the VOD?

Description

Time

  • Played on: Dec. 27, 2015, 9:39 p.m.
  • Length: 11:41
Show
View Real Time Build Order
Export as new Build Order

llllllllllll Protoss 

Build Orders: Nexus First, Blink Stalkers 

Get SALT Encoding   

  12  0:01  Probe (Chrono Boost)  
  13  0:11  Probe (Chrono Boost)  
  14  0:23  Pylon  
  14  0:24  Probe (Chrono Boost)  
  15  0:41  Probe (Chrono Boost)  
  16  0:52  Probe (Chrono Boost)  
  17  0:58  Nexus  
  17  1:08  Gateway  
  17  1:11  Probe (Chrono Boost)  
  18  1:17  Assimilator  
  18  1:21  Probe (Chrono Boost)  
  18  1:24  Assimilator  
  19  1:32  Probe (Chrono Boost)  
  20  1:37  Gateway  
  20  1:42  Probe (Chrono Boost)  
  21  1:53  Probe (Chrono Boost)  
  22  1:59  Cybernetics Core  
  22  2:04  Probe (Chrono Boost)  
  23  2:09  Pylon  
  23  2:14  Probe (Chrono Boost)  
  23  2:15  Probe (Chrono Boost)  
  25  2:25  Probe x2 (Chrono Boost)  
  27  2:35  Stalker (Chrono Boost)  
  27  2:36  Stalker (Chrono Boost)  
  31  2:41  Probe  
  33  2:44  Probe  
  33  2:46  Warp Gate (Chrono Boost)  
  32  2:53  Twilight Council  
  33  3:01  Mothership Core (Chrono Boost)  
  34  3:12  Pylon  
  36  3:14  Stalker  
  36  3:17  Pylon  
  36  3:21  Pylon  
  36  3:30  Blink (Chrono Boost)  
  36  3:36  Stalker  
  36  3:37  Probe (Chrono Boost)  
  39  3:45  Probe (Chrono Boost)  
  39  3:47  Probe  
  43  3:57  Probe  
  43  3:59  Gateway  
  44  4:07  Probe  
  44  4:08  Adept  
  47  4:10  Gateway  
  47  4:13  Gateway  
  43  4:30  Probe (Chrono Boost)  
  44  4:38  Probe (Chrono Boost)  
  45  4:42  Robotics Facility  
  45  4:47  Stalker  
  45  4:50  Probe (Chrono Boost)  
  45  4:51  Probe (Chrono Boost)  
  49  4:56  Pylon  
  49  5:00  Stalker  
  49  5:06  Probe (Chrono Boost), Pylon  
  53  5:08  Probe (Chrono Boost)  
  51  5:14  Stalker x2  
  51  5:15  Stalker  
  51  5:16  Probe (Chrono Boost)  
  51  5:19  Probe (Chrono Boost)  
  59  5:24  Stalker  
  59  5:27  Probe (Chrono Boost)  
  62  5:29  Probe (Chrono Boost)  
  62  5:30  Assimilator  
  62  5:33  Pylon  
  62  5:35  Observer (Chrono Boost)  
  64  5:37  Probe  
  64  5:39  Probe, Assimilator  
  64  5:40  Stalker x2  
  70  5:51  Probe  
  70  5:53  Stalker x2, Probe  
  75  6:00  Pylon  
  75  6:03  Probe  
  76  6:07  Stalker  
  78  6:25  Stalker x3  
  82  6:31  Probe  
  82  6:32  Nexus  
  85  6:43  Forge  
  85  6:45  Pylon  
  85  6:52  Probe  
  86  6:55  Pylon  
  86  6:58  Pylon  
  86  7:00  Pylon  
  86  7:01  Probe  
  86  7:03  Immortal (Chrono Boost)  
  86  7:05  Protoss Ground Weapons Level 1 (Chrono Boost)  
  86  7:08  Sentry  
  93  7:10  Probe  
  93  7:13  Sentry x3  
  99  7:16  Probe, Pylon  
  99  7:22  Probe  
  101  7:31  Pylon  
  101  7:34  Gateway x2  
  101  7:35  Gateway  
  101  7:38  Immortal (Chrono Boost)  
  105  7:45  Probe  
  105  7:47  Probe  
  105  7:48  Probe  
  108  7:53  Sentry  
  108  7:55  Probe  
  111  8:01  Stalker x3  
  117  8:12  Probe x2  
  117  8:14  Robotics Bay  
  117  8:16  Immortal (Chrono Boost)  
  121  8:21  Probe  
  121  8:24  Probe  
  121  8:25  Assimilator  
  121  8:27  Pylon  
  123  8:30  Probe, Assimilator  
  123  8:31  Robotics Facility  
  123  8:32  Probe  
  125  8:36  Probe  
  126  8:42  Photon Cannon  
  126  8:45  Photon Cannon  
  126  8:47  Protoss Ground Weapons Level 2  
  126  8:49  Mothership Core  
  122  8:58  Observer (Chrono Boost)  
  123  9:16  Disruptor (Chrono Boost)  
  126  9:17  Pylon  
  126  9:20  Disruptor (Chrono Boost)  
  126  9:24  Probe  
  130  9:28  Zealot x2  
  130  9:29  Zealot x5  
  144  9:32  Pylon  
  144  9:39  Photon Cannon  
  144  9:48  Disruptor (Chrono Boost)  
  147  9:59  Stalker x7  
  149  10:11  Probe  
  149  10:12  Probe  
  137  10:19  Observer (Chrono Boost)  
  132  10:23  Probe  
  132  10:24  Probe  
  132  10:36  Probe x2  
  132  10:41  Observer (Chrono Boost)  
  132  10:42  Disruptor (Chrono Boost)  
  137  10:43  Zealot x5  
  137  10:44  Zealot x2  
  137  10:47  Photon Cannon  
  137  10:48  Probe  
  152  10:50  Photon Cannon  
  152  10:56  Probe  
  153  10:57  Photon Cannon  
  153  11:00  Probe  
  153  11:03  Disruptor (Chrono Boost), Photon Cannon  
  157  11:08  Probe x2  
  159  11:12  Probe  
  160  11:20  Probe x2  
Show
View Real Time Build Order
Export as new Build Order

State Protoss - Winner!

Build Orders: 1 Gate Expand 

Get SALT Encoding   

  12  0:01  Probe (Chrono Boost)  
  13  0:12  Probe (Chrono Boost)  
  14  0:18  Pylon  
  14  0:22  Probe (Chrono Boost)  
  15  0:36  Probe (Chrono Boost), Gateway  
  16  0:43  Assimilator  
  16  0:47  Probe (Chrono Boost)  
  17  0:57  Probe (Chrono Boost)  
  18  1:08  Probe (Chrono Boost)  
  19  1:18  Nexus  
  19  1:20  Probe (Chrono Boost)  
  20  1:31  Cybernetics Core  
  20  1:34  Probe (Chrono Boost)  
  21  1:40  Assimilator  
  21  1:44  Probe (Chrono Boost)  
  22  1:50  Pylon  
  22  1:55  Probe (Chrono Boost)  
  23  2:10  Mothership Core (Chrono Boost)  
  23  2:11  Stalker  
  27  2:22  Warp Gate (Chrono Boost)  
  27  2:28  Probe (Chrono Boost)  
  28  2:33  Probe  
  29  2:37  Stalker  
  29  2:39  Probe  
  32  2:45  Probe  
  33  2:52  Probe  
  33  2:57  Probe  
  35  2:58  Pylon  
  35  3:00  Pylon  
  35  3:03  Pylon  
  35  3:04  Probe  
  36  3:08  Stalker  
  36  3:09  Probe  
  39  3:16  Probe  
  40  3:22  Probe  
  41  3:28  Probe  
  41  3:34  Probe  
  43  3:36  Stalker  
  43  3:40  Probe (Chrono Boost)  
  45  3:42  Twilight Council  
  45  3:46  Probe (Chrono Boost)  
  46  3:52  Probe (Chrono Boost)  
  47  3:57  Probe (Chrono Boost)  
  47  3:58  Pylon  
  49  4:02  Probe (Chrono Boost)  
  51  4:12  Probe (Chrono Boost)  
  50  4:17  Probe (Chrono Boost)  
  50  4:22  Blink (Chrono Boost)  
  49  4:28  Probe (Chrono Boost)  
  49  4:31  Nexus  
  49  4:33  Pylon  
  49  4:34  Gateway  
  49  4:35  Mothership Core (Chrono Boost), Gateway  
  49  4:38  Robotics Facility  
  50  4:41  Assimilator  
  50  4:47  Stalker  
  50  4:50  Pylon  
  50  4:51  Probe  
  53  4:53  Probe  
  53  4:59  Pylon  
  54  5:03  Probe x2, Pylon  
  56  5:14  Probe  
  56  5:15  Probe  
  56  5:16  Assimilator  
  56  5:20  Gateway  
  56  5:21  Gateway  
  58  5:22  Gateway  
  58  5:25  Probe, Observer (Chrono Boost)  
  58  5:26  Stalker  
  58  5:27  Probe  
  63  5:37  Stalker, Probe, Pylon  
  63  5:38  Stalker  
  63  5:39  Probe  
  69  5:49  Probe  
  72  5:51  Probe  
  72  5:54  Immortal (Chrono Boost)  
  72  5:55  Stalker  
  77  6:02  Pylon  
  77  6:03  Stalker x2  
  81  6:06  Probe x3  
  84  6:20  Stalker  
  86  6:25  Stalker  
  86  6:26  Stalker x3  
  86  6:29  Pylon  
  86  6:31  Observer (Chrono Boost)  
  94  6:33  Stalker  
  94  6:34  Pylon  
  96  6:46  Stalker  
  98  6:47  Probe x2  
  98  6:50  Stalker x4  
  106  6:54  Warp Prism (Chrono Boost)  
  106  6:57  Probe  
  106  6:59  Probe  
  110  7:04  Probe  
  110  7:08  Probe  
  111  7:09  Stalker x2  
  116  7:15  Stalker x3  
  116  7:16  Stalker  
  116  7:20  Pylon  
  116  7:21  Pylon, Assimilator  
  124  7:26  Assimilator  
  124  7:33  Gateway  
  124  7:34  Gateway  
  124  7:39  Forge  
  124  7:41  Pylon  
  124  7:44  Dark Shrine  
  124  7:57  Stalker x6  
  136  8:00  Immortal (Chrono Boost)  
  136  8:02  Probe x3  
  143  8:15  Probe x2  
  145  8:20  Gateway  
  145  8:22  Gateway  
  145  8:24  Gateway  
  145  8:25  Protoss Ground Weapons Level 1 (Chrono Boost)  
  145  8:27  Photon Cannon  
  145  8:30  Photon Cannon  
  145  8:33  Photon Cannon  
  145  8:34  Photon Cannon  
  145  8:37  Charge  
  145  8:40  Immortal  
  149  9:01  Pylon  
  149  9:02  Pylon x2  
  149  9:06  Nexus  
  149  9:08  Pylon  
  149  9:11  Templar Archives, Pylon  
  149  9:24  Immortal  
  149  9:26  Dark Templar  
  149  9:27  Dark Templar x3  
  149  9:30  Probe  
  160  9:47  Dark Templar x4  
  168  9:59  Immortal  
  160  10:15  Dark Templar x2  
  160  10:16  Dark Templar  
  164  10:21  Zealot  
  164  10:22  Zealot x7  
  168  10:33  Immortal  
  170  10:43  High Templar  
  170  10:44  Zealot x6, High Templar  
  170  10:48  Photon Cannon  
  170  10:49  Pylon  
  186  10:50  Pylon x2  
  186  11:01  Archon  
  186  11:04  High Templar  
  186  11:05  High Templar  
  186  11:10  Archon  
  190  11:12  Assimilator  
  190  11:13  Assimilator  
  190  11:18  High Templar x2  
  196  11:19  Zealot x2  
  196  11:24  Archon  
Tags
 
Add a new tag
Caveats
  • Supply blocks, unpowered buildings, or Contaminate may cause inaccurate times.
  • Supply counts are checked every 10 seconds.